 Dungeon Crawl Stone Soup version 0.20.2-3-g29329e0561 (webtiles) character file.

345 Alfie the Cutter (level 6, -6/53 HPs)
             Began as a Hill Orc Fighter on Feb 19, 2024.
             Mangled by an ogre
             ... wielding a +0 giant spiked club
              (13 damage)
             ... on level 4 of the Dungeon.
             The game lasted 00:05:57 (2411 turns).

Alfie the Cutter (Hill Orc Fighter)                 Turns: 2411, Time: 00:05:58

Health: -6/53      AC:  9    Str: 18 (21) XL:     6   Next: 58%
Magic:  6/6        EV:  8    Int:  6 (8)  God:
Gold:   180        SH:  9    Dex: 12 (13) Spells: 5/5 levels left

rFire    . . .     SeeInvis .   a - +0 rapier
rCold    . . .     Gourm    .   c - +0 shield
rNeg     . . .     Faith    .   b - +0 scale mail
rPois    .         Spirit   .   n - +0 helmet
rElec    .         Reflect  .   (no cloak)
rCorr    .         Harm     .   (no gloves)
MR       .....                  q - +0 pair of boots
Stlth    ..........             (no amulet)
Regen    0.2/turn               h - +2 ring of slaying
MPRegen  0.1/turn               u - +3 ring of dexterity

@: no status effects
A: no striking features
a: no special abilities


You were on level 4 of the Dungeon.
You were not hungry.

You visited 1 branch of the dungeon, and saw 4 of its levels.

You collected 180 gold pieces.

Inventory:

Hand Weapons
 a - a +0 rapier (weapon)
Missiles
 y - 6 tomahawks (quivered)
Armour
 b - a +0 scale mail (worn)
 c - a +0 shield (worn)
 n - a +0 helmet (worn)
 q - a +0 pair of boots (worn)
Jewellery
 h - a +2 ring of slaying (left hand)
 u - a +3 ring of dexterity (right hand)
Scrolls
 e - 2 scrolls of identify {unknown}
 g - a scroll of fog {unknown}
 i - a scroll of enchant armour {unknown}
 j - 2 scrolls of remove curse {unknown}
 k - a scroll of immolation {unknown}
 l - 2 scrolls of teleportation {unknown}
 m - 2 scrolls of magic mapping
 v - a scroll of noise {unknown}
 x - a scroll of fear {unknown}
Potions
 d - a potion of brilliance {unknown}
 o - 2 potions of curing
 p - a potion of ambrosia {unknown}
 r - 3 potions of lignification {unknown}
 s - a potion of cancellation {unknown}
Comestibles
 f - 2 bread rations
 t - a meat ration


   Skills:
 + Level 4.4 Fighting
 + Level 4.7 Short Blades
 + Level 4.2 Armour
 + Level 1.2 Dodging
 + Level 4.5 Shields


You had 5 spell levels left.
You didn't know any spells.

Dungeon Overview and Level Annotations

Branches:
Dungeon (4/15)
 Temple: D:4-7

Altars:
Ashenzari
Elyvilon
Kikubaaqudgha
Ru
Trog


Message History

There is a bloodstained altar of Trog here.
Things that are here:
a dagger; an animal skin An ogre comes into view.
It is wielding a giant spiked club.
The ogre shouts!
It was a potion of curing.
You feel better. The ogre closely misses you.
You hit the ogre.
The ogre is lightly wounded.
You puncture the ogre!
The ogre is moderately wounded.
You block the ogre's attack.
You hit the ogre.
The ogre is heavily wounded.
The ogre hits you with a giant spiked club!
* * * LOW HITPOINT WARNING * * *
You puncture the ogre!
The ogre is severely wounded.
The ogre hits you with a giant spiked club!
You die...

#.####.#......,,,,,,,..,,,,,,,*,
#.#......#*,****,*,**.#*,***,**,
#.#.##.###*,****,*,**O##,* *,,,,
#.#.##.# *,,,,,,*,,,..,,* ****,
##......# *********##.#***##*#..
#.......# #..# #..,.. #.......#
####.######.##..
#>......##########...............
#.......#.......@O...#.#.#.....#.
#.......#......###..###..........
#...._.............## *#.#.⌠.⌠.#.
#.......#.)....##.## #.......†.
###.#..##..........#* ##.#.....#.
#....##...........###....._....
#.#####.#########..#.#.#.....#.
#....†..# #.#..#.........
#.####.## #.>....#†⌠.⌠.#.


You could see an ogre.

Vanquished Creatures
  The ghost of Alfie the Skirmisher, an amateur HOFi (D:3)
  A scorpion (D:4)
  A worker ant (D:4)
  An iguana (D:4)
  Robin (D:2)
  3 adders
  3 worms
  4 leopard geckos
  10 orcs (D:3)
  10 bats
  8 giant cockroaches
  17 goblins
  13 hobgoblins
  2 quokkas (D:4)
  A ball python (D:3)
  4 frilled lizards
  8 kobolds
  7 rats
95 creatures vanquished.

Notes
Turn   | Place    | Note
-------+----------+-------------------------------------------
     0 | D:1      | Alfie the Hill Orc Fighter began the quest for the Orb.
     0 | D:1      | Reached XP level 1. HP: 19/19 MP: 1/1
    66 | D:1      | Reached XP level 2. HP: 24/27 MP: 2/2
   534 | D:1      | Reached XP level 3. HP: 33/33 MP: 3/3
   780 | D:2      | Noticed Robin
   810 | D:2      | Killed Robin
   814 | D:2      | Reached XP level 4. HP: 29/40 MP: 4/4
   985 | D:2      | Found an ancient bone altar of Kikubaaqudgha.
  1439 | D:3      | Found a shattered altar of Ashenzari.
  1549 | D:3      | Noticed Alfie's ghost (amateur HOFi)
  1572 | D:3      | Killed Alfie's ghost
  1572 | D:3      | Reached skill level 1 in Dodging
  1572 | D:3      | Reached XP level 5. HP: 23/46 MP: 5/5
  1582 | D:3      | Found a sacrificial altar of Ru.
  2191 | D:4      | Found a white marble altar of Elyvilon.
  2205 | D:4      | Reached XP level 6. HP: 52/53 MP: 6/6
  2241 | D:4      | HP: 2/53 [poisoned by a scorpion]
  2331 | D:4      | Found a bloodstained altar of Trog.
  2411 | D:4      | Mangled by an ogre

Skill      XL: |  1  2  3  4 |
---------------+-------------+-----
Fighting       | 4 |  4.4
Short Blades   | 4 |  4.7
Armour         | 4 |  4.2
Dodging        | 1 |  1.2
Shields        | 4 |  4.5

Action                   |  1- 3 |  4- 6 || total
-------------------------+-------+-------++-------
Melee: Rapier            |   110 |   171 ||   281
  Use: Potion            |       |     4 ||     4
       Scroll            |       |     1 ||     1
  Eat: Royal jelly       |       |     3 ||     3
Armor: Scale mail        |    41 |    60 ||   101
Dodge: Dodged            |    30 |    53 ||    83
Block: Shield            |    66 |    81 ||   147
